 Dungeon Crawl Stone Soup version 0.26.1-2-gb8aa6d0cf2 (webtiles) character file.

Game seed: 8501231961092655947

411 Gadfly the Cudgeller (level 6, -12/38 HPs)
             Began as a Gargoyle Berserker on Feb 26, 2021.
             Was a Priest of Trog.
             Mangled by an ogre
             ... wielding a +0 giant spiked club
              (26 damage)
             ... on level 4 of the Dungeon.
             The game lasted 00:07:39 (3770 turns).

Gadfly the Cudgeller (Gargoyle Berserker)           Turns: 3770, Time: 00:07:40

Health: -12/38     AC: 14    Str: 22    XL:     6   Next: 90%
Magic:  6/6        EV:  8    Int:  7    God:    Trog [***...]
Gold:   160        SH:  0    Dex: 16    Spells: 5/5 levels left

rFire    + + .     SeeInvis .   a - +0 mace
rCold    + . .     Faith    .   (no shield)
rNeg     + . .     Spirit   .   q - +0 chain mail
rPois    ∞         Reflect  .   (helmet restricted)
rElec    +         Harm     .   e - scarf {rC+ rF+}
rCorr    .         Rampage  .   g - +0 pair of gloves
Will     .....     Clarity  +   (no boots)
Stlth    ..........             (no amulet)
HPRegen  0.12/turn              j - +6 ring of dexterity
MPRegen  0.10/turn              (no ring)

@: no status effects
A: antennae 1, beak, clarity, fire resistance 1, negative energy resistance 1,
electricity resistance, unbreathing, petrification resistance, miasma immunity,
AC +4
a: Renounce Religion, Berserk, Trog's Hand


You were on level 4 of the Dungeon.
You worshipped Trog.
Trog was most pleased with you.
You visited 1 branch of the dungeon, and saw 4 of its levels.

You collected 160 gold pieces.

Inventory:

Hand Weapons
 a - a +0 mace (weapon)
 b - a +0 hand axe of flaming
Armour
 e - a scarf of resistance (worn)
 g - a +0 pair of gloves (worn)
 q - a +0 chain mail (worn)
Jewellery
 j - a +6 ring of dexterity (left hand)
Wands
 f - a wand of flame (4) (quivered)
 m - a wand of polymorph (7)
Scrolls
 i - a scroll of remove curse
Potions
 d - a potion of attraction
 h - a potion of heal wounds {unknown}
 k - a potion of cancellation
 l - a potion of brilliance {unknown}
 n - 2 potions of flight
 p - a potion of might {unknown}


   Skills:
 + Level 3.8 Fighting
 * Level 4.2 Maces & Flails
 + Level 3.6 Armour
 - Level 1.5 Dodging
 + Level 3.5 Shields
 * Level 3.2 Evocations


You had 5 spell levels left.
You didn't know any spells.
Your spell library was empty.

Dungeon Overview and Level Annotations

Branches:
Dungeon (4/15)
 Temple: D:4-7

Altars:
Yredelemnul
The Shining One


Innate Abilities, Weirdness & Mutations

You are resistant to torment.
Your stone body is resilient. (AC +4)
You are immune to poison.
You resist negative energy. (rN+)
You are resistant to electric shocks. (rElec)
You can survive without breathing.
You are immune to petrification.
You are immune to miasma.
You have a pair of small antennae on your head.
You have a beak for a mouth.
You possess an exceptional clarity of mind.
Your flesh is heat resistant. (rF+)


Message History

You are too injured to fight recklessly!
You are too injured to fight recklessly!
You are too injured to fight recklessly!
You are too injured to fight recklessly!
You are too injured to fight recklessly!
You are too injured to fight recklessly!
You are too injured to fight recklessly!
You are too injured to fight recklessly!
You are too injured to fight recklessly!
You are too injured to fight recklessly!
Unknown command.
Okay, then.
Okay, then.
There is an open door here.
There is an open door here.
There is an open door here.
The ogre hits you but does no damage.
The ogre hits you with a +0 giant spiked club!!
Ouch! That really hurt!
You die...

#...........#######
#.................#
#.................#
####.................#
....##'##............#
....#...'............#
....#...#............#
....#...#......O.....#
....#...#.......@....#
....#...#............#
....#...#............#
#####...#............#
........#............#
........#......##'####
...######......#.....#
...#........(..#.....#
...#...........#.....#


You could see an ogre.

Vanquished Creatures
  A phantom (D:2)
  A water moccasin skeleton (D:4)
  An orc wizard (D:4)
  Crazy Yiuf (D:2)
  Natasha (thrice) (D:2)
  4 adders
  3 oozes
  A worm (D:3)
  A dart slug (D:1)
  4 leopard geckos
  4 orcs
  2 ball pythons (D:1)
  5 giant cockroaches
  7 goblins
  6 hobgoblins
  7 jackals
  7 kobolds
  2 quokkas
  9 bats
  3 frilled lizards
  A leopard gecko skeleton (D:4)
  10 rats
83 creatures vanquished.

Notes
Turn   | Place    | Note
-------+----------+-------------------------------------------
     0 | D:1      | Gadfly the Gargoyle Berserker began the quest for the Orb.
     0 | D:1      | Reached XP level 1. HP: 14/14 MP: 1/1
   198 | D:1      | Reached XP level 2. HP: 17/19 MP: 2/2
   201 | D:1      | Reached skill level 1 in Shields
   401 | D:1      | Reached skill level 1 in Evocations
   409 | D:1      | Reached XP level 3. HP: 20/23 MP: 3/3
   590 | D:1      | Reached ** piety under Trog
  1371 | D:2      | Noticed Natasha
  1381 | D:2      | Killed Natasha
  1382 | D:2      | Reached XP level 4. HP: 17/28 MP: 4/4
  2012 | D:2      | Noticed Natasha
  2021 | D:2      | Killed Natasha
  2022 | D:2      | Reached XP level 5. HP: 11/32 MP: 5/5
  2321 | D:2      | Noticed Natasha
  2326 | D:2      | Killed Natasha
  2669 | D:2      | Noticed a phantom
  2705 | D:2      | Killed a phantom
  2706 | D:2      | Reached XP level 6. HP: 30/37 MP: 6/6
  2780 | D:2      | Found a runed translucent door.
  2781 | D:2      | Noticed Crazy Yiuf
  2789 | D:2      | Killed Crazy Yiuf
  2790 | D:2      | Reached skill level 4 in Maces & Flails
  2813 | D:2      | Gained mutation: Potions are less effective at restoring
                  | your health. [potion of mutation]
  2813 | D:2      | Gained mutation: You are agile. (Dex +2) [potion of
                  | mutation]
  2813 | D:2      | Gained mutation: You have a beak for a mouth. [potion of
                  | mutation]
  2814 | D:2      | Lost mutation: You are agile. (Dex +2) [potion of mutation]
  2814 | D:2      | Lost mutation: Potions are less effective at restoring your
                  | health. [potion of mutation]
  2814 | D:2      | Gained mutation: You have a pair of small antennae on your
                  | head. [potion of mutation]
  2814 | D:2      | Gained mutation: You possess an exceptional clarity of
                  | mind. [potion of mutation]
  2814 | D:2      | Gained mutation: Your flesh is heat resistant. (rF+)
                  | [potion of mutation]
  3014 | D:3      | Reached *** piety under Trog
  3203 | D:3      | Found a glowing golden altar of the Shining One.
  3203 | D:3      | Found a basalt altar of Yredelemnul.
  3438 | D:3      | Noticed a profane servitor
  3770 | D:4      | Mangled by an ogre

Illustrated notes

Levels and vault maps discovered:
D:1:      grunt_arrival_crossed_arrows, layout_basic
D:2:      layout_loops_ring, grunt_ministairs_11, minmay_misc_feat_tiny,
          minmay_tromino_i2, uniq_crazy_yiuf_cottage, uniq_natasha
D:3:      layout_rooms, grunt_temple_overflow_holy_war
D:4:      layout_gridville, nzn_overflow_gifts_of_might_and_magic,
          nemelex_xobeh_ov_fountains_minmay

Skill      XL: |  1  2  3  4  5  6 |
---------------+-------------------+-----
Shields        | 1 2 3 |  3.5
Evocations     | 1 2 3 |  3.2
Armour         | 3 |  3.6
Maces & Flails | 4 |  4.2
Fighting       | |  3.8
Dodging        | |  1.5

Action                   |  1- 3 |  4- 6 || total
-------------------------+-------+-------++-------
Melee: Mace              |    40 |   202 ||   242
       Hand axe          |    61 |     4 ||    65
       Peck              |       |    10 ||    10
Invok: Berserk           |       |     1 ||     1
  Use: Scroll            |     4 |     1 ||     5
       Potion            |       |     4 ||     4
Armor: Animal skin       |    46 |       ||    46
       Ring mail         |     4 |   135 ||   139
Dodge: Dodged            |    71 |   132 ||   203
